 Dungeon Crawl Stone Soup version 0.21.1-1-g345015f (webtiles) character file.

217 Ratmanking the Poker (level 5, -8/50 HPs)
             Began as a Naga Fighter on June 14, 2018.
             Mangled by an ogre
             ... wielding a +0 giant club
              (9 damage)
             ... on level 4 of the Dungeon.
             The game lasted 00:17:03 (3089 turns).

Ratmanking the Poker (Naga Fighter)                 Turns: 3089, Time: 00:17:04

Health: -8/50      AC:  6    Str: 19    XL:     5   Next: 94%
Magic:  5/5        EV:  5    Int: 14    God:
Gold:   129        SH:  9    Dex: 10    Spells: 4/4 levels left

rFire    . . .     SeeInvis +   a - +0 trident
rCold    . . .     Gourm    .   c - +0 shield
rNeg     . . .     Faith    .   b - +0 scale mail
rPois    +         Spirit   .   i - +0 helmet
rElec    .         Reflect  .   (no cloak)
rCorr    .         Harm     .   (no gloves)
MR       .....                  (no barding)
Stlth    ..........             (no amulet)
HPRegen  0.16/turn              (no ring)
MPRegen  0.09/turn              (no ring)

@: brilliant, short of breath, very slow
A: large, see invisible, deformed body, poison resistance, slowness 2, slow
metabolism 1, spit poison 1, AC +1
a: Spit Poison


You were on level 4 of the Dungeon.
You were not hungry.

You visited 1 branch of the dungeon, and saw 4 of its levels.

You collected 129 gold pieces.

Inventory:

Hand Weapons
 a - a +0 trident (weapon)
Armour
 b - a +0 scale mail (worn)
 c - a +0 shield (worn)
 i - a +0 helmet (worn)
Jewellery
 l - a +2 ring of intelligence {unknown}
 n - a cursed ring of teleportation {unknown}
Wands
 q - a wand of flame (19)
Scrolls
 e - a scroll of random uselessness {unknown}
 g - a scroll of enchant weapon {unknown}
 m - 7 scrolls of remove curse {unknown}
 p - 2 scrolls of teleportation {unknown}
 r - 3 scrolls of identify {unknown}
 s - a scroll of immolation {unknown}
 w - a scroll of magic mapping {unknown}
Potions
 d - a potion of might
 h - a potion of brilliance
 j - a potion of curing {unknown}
 k - a potion of resistance {unknown}
 o - a potion of invisibility {unknown}
 t - a potion of magic {unknown}
 v - a potion of heal wounds {unknown}
 x - a potion of mutation {unknown}
 z - a potion of lignification {unknown}
Comestibles
 f - 3 rations


   Skills:
 * Level 3.9 Fighting
 + Level 4.0 Polearms
 + Level 3.3 Armour
 - Level 0.3 Stealth
 + Level 3.0 Shields


You had 4 spell levels left.
You didn't know any spells.

Dungeon Overview and Level Annotations

Branches:
Dungeon (4/15)
 Temple: D:4-7

Altars:
Trog


Innate Abilities, Weirdness & Mutations

You cannot wear boots.
Your serpentine skin is tough. (AC +1)
You have supernaturally acute eyesight. (SInv)
Armour fits poorly on your strangely shaped body.
Your system is resistant to poisons. (rPois)
You cover ground very slowly.
You have a slow metabolism.
You can spit poison.


Message History

You feel slightly more hungry. The ogre hits you with a giant club!!
You have got your breath back.
Press: ? - help, Shift-Dir - straight line, f/p - ogre
Aim: an ogre, wielding a giant club (moderately wounded)
The splash of poison hits the ogre.
The ogre is moderately wounded.
You feel slightly more hungry. You block the ogre's attack.
You can't do that yet.
The ogre hits you with a giant club!!
Ouch! That really hurt!
* * * LOW HITPOINT WARNING * * *
It was a potion of brilliance.
You feel clever all of a sudden.
You have got your breath back.
Press: ? - help, Shift-Dir - straight line, f/p - ogre
Aim: an ogre, wielding a giant club (moderately wounded)
The splash of poison hits the ogre.
The ogre is severely wounded.
You feel slightly more hungry. The ogre hits you with a giant club!
You die...

..... ..... ... #
... #.##.########
#.......#...
#..#.##.##.#
#.$..##.##.##
#.......O@..######
#######.#.........
#.#<#.......
#.#.#.......
#.#.#.......
..#.........
..###....... ...
....... ##.####


You could see an ogre.

Vanquished Creatures
  2 orc priests (D:3)
  Terence (D:2)
  2 adders (D:2)
  3 gnolls (D:3)
  An ooze (D:3)
  A dart slug (D:3)
  A worm (D:2)
  4 orcs (D:3)
  2 ball pythons
  5 giant cockroaches
  8 goblins
  8 hobgoblins
  7 jackals
  5 kobolds
  2 quokkas
  6 bats
  6 frilled lizards
  7 rats
  3 plants (D:1)
74 creatures vanquished.

Notes
Turn   | Place    | Note
-------+----------+-------------------------------------------
     0 | D:1      | Ratmanking the Naga Fighter began the quest for the Orb.
     0 | D:1      | Reached XP level 1. HP: 21/21 MP: 1/1
   359 | D:1      | Reached XP level 2. HP: 28/28 MP: 2/2
   658 | D:1      | Reached XP level 3. HP: 33/34 MP: 3/3
  1193 | D:2      | Reached skill level 3 in Polearms
  1646 | D:2      | Reached XP level 4. HP: 25/42 MP: 4/4
  2056 | D:2      | Found a bloodstained altar of Trog.
  2058 | D:2      | Noticed Terence
  2075 | D:2      | Killed Terence
  2656 | D:3      | Reached XP level 5. HP: 48/50 MP: 5/5
  2826 | D:3      | Reached skill level 4 in Polearms
  3077 | D:4      | Noticed an ogre
  3087 | D:4      | HP: 1/50 [ogre/giant club (32)]
  3089 | D:4      | Mangled by an ogre

Skill      XL: |  1  2  3  4  5 |
---------------+----------------+-----
Polearms       | 3 4 |  4.0
Armour         | 3 |  3.3
Shields        | 3 |  3.0
Fighting       | |  3.9
Stealth        | |  0.3

Action                   |  1- 3 |  4- 6 || total
-------------------------+-------+-------++-------
Melee: Trident           |   211 |   125 ||   336
 Abil: Spit Poison       |     1 |     9 ||    10
  Use: Potion            |       |     1 ||     1
  Eat: Chunk             |     1 |     2 ||     3
       Ration            |       |     1 ||     1
Armor: Scale mail        |    54 |    40 ||    94
Dodge: Dodged            |    23 |    18 ||    41
Block: Shield            |    53 |    52 ||   105
